 Dungeon Sprint DCSS version 0.26.1-2-gb8aa6d0cf2 (webtiles) character file.

Game seed: 686592673127575197

417 Groucho the Unseen (level 6, 0/38 HPs)
             Began as an Octopode Transmuter on Feb 22, 2021.
             Was an Initiate of Gozag.
             Slain by an alligator (14 damage)
             ... in the Dungeon (Sprint VII: "The Pits").
             The game lasted 00:03:34 (1367 turns).

Groucho the Unseen (Octopode Transmuter)            Turns: 1367, Time: 00:03:34

Health: 0/38       AC:  1    Str:  9    XL:     6   Next: 92%
Magic:  14/14      EV: 13    Int: 17    God:    Gozag
Gold:   1251       SH:  0    Dex: 13    Spells: 10/16 levels left

rFire    . . .     SeeInvis .   l - +2 dagger
rCold    . . .     Faith    .   (no shield)
rNeg     . . .     Spirit   .   (helmet currently unavailable)
rPois    .         Reflect  .   (no amulet)
rElec    .         Harm     .   (no ring)
rCorr    .         Rampage  .   (no ring)
Will     .....     NoTele   +   (no ring)
Stlth    +++++++...             (no ring)
HPRegen  0.12/turn              (no ring)
MPRegen  0.14/turn              (no ring)
                                (no ring)
                                (no ring)

@: appendages
A: almost no armour, stealthy swim, amphibious, 8 rings, constrict 8, tentacle
spike 3, camouflage 1, gelatinous body 1
a: End Transformation, Renounce Religion, Potion Petition, Call Merchant, Bribe
Branch


You were in the Dungeon.
You worshipped Gozag.
Gozag was most pleased with you.
One of your tentacles had a temporary spike.
You visited 1 branch You collected 1251 gold pieces.

Inventory:

Hand Weapons
 l - a +2 dagger (weapon)
Missiles
 k - 10 stones
Scrolls
 g - a scroll of blinking
 h - 3 scrolls of remove curse
 i - 5 scrolls of amnesia
 j - a scroll of summoning
Potions
 a - 2 potions of invisibility
 b - 6 potions of curing
 c - 3 potions of heal wounds
 d - a potion of haste
 e - 4 potions of magic
 f - 3 potions of berserk rage


   Skills:
 - Level 1.0 Fighting
 - Level 2.0 Dodging
 + Level 15.2 Stealth
 - Level 3.0 Unarmed Combat
 + Level 5.8 Spellcasting
 + Level 6.3 Transmutations


You had 10 spell levels left.
You knew the following spells:

 Your Spells              Type           Power        Failure   Level
a - Beastly Appendage     Tmut           52%          1%          1
b - Wereblood             Tmut           26%          1%          2
c - Spider Form           Tmut/Pois      7%           11%         3

Your spell library contained the following spells:

 Spells                   Type           Power        Failure   Level
 Blade Hands              Tmut           13%          26%         5
 Ice Form                 Ice/Tmut       15%          34%         4


Dungeon Overview and Level Annotations

Branches:
Dungeon (1/1)

Altars:
Ashenzari
Cheibriados
Dithmenos
Elyvilon
Fedhas
Gozag
Hepliaklqana
Kikubaaqudgha
Makhleb
Nemelex Xobeh
Okawaru
Qazlal
Ru
Sif Muna
Trog
Uskayaw
Vehumet
Wu Jian
Xom
Yredelemnul
Zin
The Shining One
Beogh
Jiyva
Lugonu


Innate Abilities, Weirdness & Mutations

You cannot wear most types of armour.
You are very stealthy in the water. (Stealth+)
You are amphibious.
You can wear up to eight rings at the same time.
You can use your tentacles to constrict eight enemies at once.
Your skin changes colour to match your surroundings (Stealth+).
Your rubbery body absorbs attacks. (AC +1, EV +1)
One of your tentacles bears a large vicious spike.


Message History

An orc, an orc wizard and a flayed ghost come into view.
An alligator and an orc wizard come into view.
The orc wizard shouts!
The orc wizard mumbles some strange words.
The orc wizard seems to speed up.
The alligator puts on a burst of speed!
The orc shouts!
The orc wizard shouts!
There is an open door here.
There is an open door here.
The orc wizard looks encouraged for a moment.
There is an open door here.
The alligator bites you! The alligator tail-slaps you!
* * * LOW HITPOINT WARNING * * *
The alligator barely misses you. The alligator misses you.
You feel much better. The alligator bites you!!
Ouch! That really hurt!
* * * LOW HITPOINT WARNING * * *
The alligator misses you.
You feel much better. The alligator bites you! The alligator tail-slaps you!
You die...
Your body crumbles into a pile of gold.

#.##'#..#'###...<...#
#.#........##.......#
#.#........##.......#
#'###########.......#
#.......#..##########
#.###...#)######
#.#.....#.#.o..#
#.#...#.#'#oW..#
#.....#@#)t.o..+
#...###t#'#....#
#......o'o#..t.#
################


You could see an alligator (swift) and an orc wizard (fast).

Vanquished Creatures
  A floating eye (D)
  A phantom (D)
  A scorpion (D)
  A hound (D)
  A gnoll shaman (D)
  An iguana (D)
  A worker ant (D)
  2 mummies (D)
  An adder (D)
  A river rat (D)
  2 ufetubi (D)
  An ooze (D)
  A leopard gecko (D)
  A hobgoblin (D)
  4 jackals (D)
  A quokka (D)
  A bat (D)
  A rat (D)
23 creatures vanquished.

Notes
Turn   | Place    | Note
-------+----------+-------------------------------------------
     0 | D        | Groucho the Octopode Transmuter began the quest for the
                  | Orb.
     0 | D        | Reached XP level 1. HP: 13/13 MP: 3/3
    17 | D        | Reached skill level 2 in Stealth
    53 | D        | Found a bloodstained altar of Trog.
    53 | D        | Found a shimmering blue altar of Sif Muna.
    53 | D        | Found a viscous altar of Jiyva.
    53 | D        | Found a hazy altar of Hepliaklqana.
    53 | D        | Found an opulent altar of Gozag.
    54 | D        | Found a glowing golden altar of the Shining One.
    54 | D        | Found a glowing silver altar of Zin.
    54 | D        | Found a basalt altar of Yredelemnul.
    54 | D        | Found a shimmering altar of Xom.
    54 | D        | Found an ornate altar of the Wu Jian Council.
    54 | D        | Found a sacrificial altar of Ru.
    54 | D        | Found a stormy altar of Qazlal.
    54 | D        | Found an iron altar of Okawaru.
    54 | D        | Found a sparkling altar of Nemelex Xobeh.
    54 | D        | Found a burning altar of Makhleb.
    54 | D        | Found a blossoming altar of Fedhas.
    54 | D        | Found a white marble altar of Elyvilon.
    54 | D        | Found a shadowy altar of Dithmenos.
    54 | D        | Found a snail-covered altar of Cheibriados.
    57 | D        | Found a radiant altar of Vehumet.
    57 | D        | Found a corrupted altar of Lugonu.
    57 | D        | Found a roughly hewn altar of Beogh.
    58 | D        | Found a hide-covered altar of Uskayaw.
    58 | D        | Found an ancient bone altar of Kikubaaqudgha.
    58 | D        | Found a broken altar of Ashenzari.
    66 | D        | Became a worshipper of Gozag Ym Sagoz the Greedy
    79 | D        | Reached skill level 3 in Stealth
    81 | D        | Reached skill level 4 in Stealth
    86 | D        | Reached skill level 5 in Stealth
    90 | D        | Noticed a floating eye
    90 | D        | Noticed a worker ant
    92 | D        | Killed a floating eye
    93 | D        | Reached skill level 12 in Stealth
    93 | D        | Reached XP level 2. HP: 16/18 MP: 5/5
    93 | D        | Reached XP level 3. HP: 20/23 MP: 6/6
    93 | D        | Reached XP level 4. HP: 25/28 MP: 7/7
   103 | D        | Reached skill level 13 in Stealth
   103 | D        | Reached XP level 5. HP: 16/33 MP: 8/8
   452 | D        | Learned a level 2 spell: Wereblood
   456 | D        | Learned a level 3 spell: Spider Form
  1181 | D        | Reached skill level 14 in Stealth
  1181 | D        | Reached XP level 6. HP: 38/38 MP: 8/12
  1204 | D        | Noticed a phantom
  1207 | D        | Reached skill level 5 in Transmutations
  1211 | D        | Reached skill level 5 in Spellcasting
  1228 | D        | Killed a phantom
  1229 | D        | Reached skill level 15 in Stealth
  1358 | D        | Noticed a flayed ghost
  1359 | D        | Noticed an alligator
  1367 | D        | Slain by an alligator

Illustrated notes

Levels and vault maps discovered:
D:        pitsprint [storerooms_1, entrance_room_1, metal_vault_1, armoury_2,
          mini_pit_1, grid_room_1, main_hall_1, silver_pit, the_coven_2,
          the_vestibule_1, steel_vault_4, golden_pit, hallway_of_sentries,
          crystal_vault_6, iron_vault_4, final_vault]

Skill      XL: |  1  2  3  4  5  6 |
---------------+-------------------+-----
Stealth        | 12 13 14 15 | 15.2
Transmutations | 4 6 |  6.3
Spellcasting   | 4 5 |  5.8
Fighting       | |  1.0
Dodging        | |  2.0
Unarmed Combat | |  3.0

Action                   |  1- 3 |  4- 6 || total
-------------------------+-------+-------++-------
Melee: Dagger            |    10 |    45 ||    55
       Constrict         |     4 |     4 ||     8
       Unarmed           |     4 |       ||     4
       Tentacles         |     3 |     5 ||     8
       Kick              |     3 |     7 ||    10
       Punch             |     1 |       ||     1
 Cast: Beastly Appendage |     2 |     9 ||    11
  Use: Potion            |       |     3 ||     3
 Stab: Sleeping          |     1 |    10 ||    11
       Distracted        |     1 |     1 ||     2
Armor: Skin              |     1 |     1 ||     2
Dodge: Dodged            |    14 |    25 ||    39
